 Dungeon Crawl Stone Soup version 0.31-a0-102-g33a4ccc0cb (webtiles) character file.

Game seed: 10534090120407346690

198 ytrimaz the Cudgeller (level 5, -1/50 HPs)
             Began as an Ogre Gladiator on May 26, 2023.
             Was an Initiate of Okawaru.
             Killed by divine providence
             ... invoked by an orc priest
              (16 damage)
             ... on level 4 of the Dungeon.
             The game lasted 00:03:33 (3466 turns).

ytrimaz the Cudgeller (Ogre Gladiator)              Turns: 3466, Time: 00:03:33

Health: -1/50      AC:  3    Str: 20    XL:     5   Next: 76%
Magic:  5/5        EV:  5    Int:  9    God:    Okawaru [......]
Gold:   206        SH:  0    Dex: 10    Spells: 4/4 levels left

rFire   . . .        a - +0 flail (spect)
rCold   . . .        (no shield)
rNeg    . . .        b - +0 robe
rPois   .            c - +0 hat
rElec   .            (no cloak)
rCorr   .            (gloves unavailable)
SInv    .            (boots unavailable)
Will    .....        (no amulet)
Stlth   +            (no ring)
HPRegen 0.28/turn    (no ring)
MPRegen 0.09/turn

%: no passive effects
@: held, hasted, very quick
A: large, unfitting armour, tough skin 1
a: Renounce Religion


You were on level 4 of the Dungeon.
You worshipped Okawaru.
Okawaru was noncommittal.
You visited 1 branch of the dungeon, and saw 4 of its levels.

You collected 206 gold pieces.


Innate Abilities, Weirdness & Mutations

You are too large for most types of armour.
You have tough skin. (AC +1)


   Skills:
 - Level 2.6 Fighting
 * Level 4.8 Maces & Flails
 + Level 3.6 Throwing
 - Level 2.6 Dodging
 * Level 0.7 Invocations


You had 4 spell levels left.
You didn't know any spells.
Your spell library contained the following spells:

 Spells                   Type           Power      Damage    Failure   Level
 Ensorcelled Hibernation  Hex/Ice        0%         N/A       52%         2
 Lesser Beckoning         Tloc           0%         N/A       52%         2
 Passwall                 Tmut/Erth      0%         N/A       52%         2
 Gell's Gravitas          Tloc           0%         N/A       77%         3
 Portal Projectile        Hex/Tloc       0%         N/A       77%         3
 Swiftness                Air            0%         N/A       77%         3
 Teleport Other           Tloc           0%         N/A       77%         3
 Leda's Liquefaction      Hex/Erth       0%         N/A       99%         4
 Call Canine Familiar     Summ           Unusable   N/A       N/A         3

Inventory:

Hand Weapons
 a - a +0 spectral flail (weapon)
 m - a +0 morningstar
   (You found it on level 2 of the Dungeon)
Missiles
 d - 3 throwing nets
 e - 6 large rocks (quivered)
 q - 6 javelins
Armour
 b - a +0 robe (worn)
 c - a +0 hat (worn)
Wands
 h - a wand of iceblast (2)
   (You found it on level 2 of the Dungeon)
Scrolls
 j - a scroll of brand weapon
 l - a scroll of fear {unknown}
 r - a scroll of amnesia
 s - a scroll of vulnerability
Potions
 f - a potion of magic {unknown}
 k - 2 potions of brilliance {unknown}
 n - 2 potions of might {unknown}
 o - a potion of curing
 p - 3 potions of mutation
 t - a potion of attraction

Dungeon Overview and Level Annotations

Branches:
Dungeon (4/15) Zot: 20495
 Temple: D:4-7

Altars:
Nemelex Xobeh
Okawaru
Yredelemnul

Shops:
D:2 (   D:4 (

Annotations:
D:4 3 runed translucent doors, hgbash's ghost, amateur GrFi

...##....##.. #..♣.♣..#
...# #..♣.♣..# #..# ####
#..♣.♣..# #.♣♣ .....
#..♣.♣..# #.♣ #...
#..♣.♣..# ##♣
#....#.......# ..♣
#....#.......# ..♣♣
#....'.......# ...#
.'....#@......#
...########....#Jog....#
...##....##... #og.....#
.........#.... #o......#
.........##.. #g......#
...##....##'# #.......#
...##....## #.......#
#.........# #.......#
#.........# #.......#


You could see an orc priest, 3 gnolls, 2 orcs and an endoplasm.


Message History

The orc priest hits your +0 spectral flail with a +2 dagger of venom. 😮 HP[-2]
You take 2 damage, and now have 36/50 hp.
You swap places.
A gnoll comes into view. It is wielding a +1 flail of draining.
Your +0 spectral flail disappears.
The orc hits you with a +0 club. The orc priest barely misses you.
The orc hits you with a +0 war axe.
Things that are here:
a +0 flail; a +0 leather armour; an orc corpse 😮 HP[-8]
You take 8 damage, and now have 28/50 hp.
You thump the orc priest! The orc closely misses you. x2
The orc priest hits you with a +2 dagger of venom.
You are poisoned.
The orc barely misses you.
The orc priest hits you with a +2 dagger of venom.
* * * LOW HITPOINT WARNING * * *
The orc barely misses you. 😨 HP[-4]
You take 4 damage, and now have 24/50 hp.
You closely miss the orc priest.
You feel sick. The orc barely misses you. The orc hits you with a +0 war axe.
* * * LOW HITPOINT WARNING * * *
The orc priest casts a cantrip, but nothing happens.
A gnoll comes into view. It is wielding a +0 spear. 😨 HP[-8]
You take 8 damage, and now have 16/50 hp.
The gnoll shouts!
You hit the orc priest.
You feel sick.
The endoplasm hits you but does no damage.
The orc barely misses you.
The orc priest hits you with a +2 dagger of venom.
* * * LOW HITPOINT WARNING * * *
You are lethally poisoned!
The orc hits you with a +0 war axe!
* * * LOW HITPOINT WARNING * * *
😱 HP[-13]
You take 13 damage, and now have 3/50 hp.
MASSIVE DAMAGE!! (PAUSE)
You feel much better.
You feel very sick. The orc hits you with a +0 club.
* * * LOW HITPOINT WARNING * * *
The endoplasm closely misses you. The orc closely misses you.
The orc priest miscasts a cantrip. 😨 HP[+17]
You regained 17 hp, and now have 20/50 hp.
You feel better. The endoplasm freezes you.
You are frozen.
The orc barely misses you. The orc completely misses you.
The orc priest hits you with a +2 dagger of venom.
* * * LOW HITPOINT WARNING * * *
You are poisoned. 😨 HP[+5]
You regained 5 hp, and now have 25/50 hp.
Okay, then.
You feel yourself speed up.
You feel sick. The endoplasm closely misses you.
The orc hits you with a +0 club.
* * * LOW HITPOINT WARNING * * *
The orc priest hits you with a +2 dagger of venom.
* * * LOW HITPOINT WARNING * * *
The orc barely misses you. 😨 HP[-6]
You take 6 damage, and now have 19/50 hp.
You feel sick. The orc hits you but does no damage.
The endoplasm hits you but does no damage.
The orc priest invokes the aid of Beogh against you.
Beogh smites you!
* * * LOW HITPOINT WARNING * * *
😱 HP[-12]
You take 12 damage, and now have 7/50 hp.
MASSIVE DAMAGE!! (PAUSE)
You feel sick. 😱 HP[-1]
You take 1 damage, and now have 6/50 hp.
You feel sick.
The gnoll throws a throwing net.
The throwing net hits you.
You become entangled in the net!
You see here a throwing net. 😱 HP[-1]
You take 1 damage, and now have 5/50 hp.
You feel much better. The endoplasm freezes you.
You are frozen.
* * * LOW HITPOINT WARNING * * *
The orc priest mumbles some strange prayers to Beogh against you.
Beogh smites you!
* * * LOW HITPOINT WARNING * * *
😱 HP[+3]
You regained 3 hp, and now have 8/50 hp.
Unknown command.
You feel better. 😨 HP[+10]
You regained 10 hp, and now have 18/50 hp.
You tear a large gash into the net.
The orc hits you with a +0 club.
* * * LOW HITPOINT WARNING * * *
The endoplasm hits you but does no damage.
The orc priest calls down the wrath of Beogh upon you.
Beogh smites you!
You die...

Skill      XL: |  1  2  3  4 |
---------------+-------------+-----
Maces & Flails | 3 4 |  4.8
Throwing       | 3 |  3.6
Fighting       | |  2.6
Dodging        | |  2.6
Invocations    | |  0.7

Action                     |  1- 3 |  4- 6 || total
---------------------------+-------+-------++-------
  Melee: Flail             |   103 |    85 ||   188
         Punch             |       |     1 ||     1
  Evoke: Wand              |     3 |       ||     3
    Use: Scroll            |     2 |     6 ||     8
         Potion            |       |     5 ||     5
   Stab: Sleeping          |     1 |     2 ||     3
 Armour: Robe              |    32 |    27 ||    59
  Dodge: Dodged            |    65 |    45 ||   110

Levels and vault maps discovered:
D:1:      heliophobic_arrival_enchanted_forest, layout_basic,
          minmay_tiny_reverse_x
D:2:      minmay_general_purpose_star, layout_loops_corners, serial_shops,
          nicolae_shop_pleasant_corner_grove, minmay_tetromino_o4
D:3:      wad_river_or_something, layout_basic, gammafunk_temple_overflow_pools,
          ebering_ecumenical_altar_sacrificial
D:4:      layout_gridville, mainiacjoe_overflow_tiny_flanked, serial_forest,
          infiniplex_forest_straight_3, infiniplex_forest_clump_medium,
          infiniplex_forest_straight_4, infiniplex_forest_clump_curved,
          infiniplex_forest_end_1, gammafunk_ghost_split, serial_shops,
          kennysheep_mini_moat

Notes
Turn   | Place    | Note
-------+----------+-------------------------------------------
     0 | D:1      | ytrimaz the Ogre Gladiator began the quest for the Orb.
     0 | D:1      | Reached XP level 1. HP: 22/22 MP: 1/1
     0 | D:1      | magus.rc [v1.9.6]
    62 | D:1      | Reached skill level 3 in Maces & Flails
    66 | D:1      | Reached XP level 2. HP: 14/29 MP: 2/2
    68 | D:1      | HP: 7/29 [hobgoblin (4)]
   412 | D:1      | You pick up a book of the Hunter and begin reading...
   412 | D:1      | You add the spells Call Canine Familiar, Portal Projectile
                  | and Leda's Liquefaction to your library.
   488 | D:1      | Reached XP level 3. HP: 29/36 MP: 3/3
   525 | D:1      | You pick up a book of Burglary and begin reading...
   525 | D:1      | You add the spells Passwall, Ensorcelled Hibernation and
                  | Swiftness to your library.
  1016 | D:2      | HP: 7/36 [worm (11)]
  1321 | D:2      | Found Finnusum's Weapon Boutique.
  1328 | D:2      | Reached XP level 4. HP: 20/44 MP: 4/4
  1331 | D:2      | HP: 11/44 [poisoned by an adder]
  1575 | D:2      | Reached skill level 4 in Maces & Flails
  1614 | D:2      | Reached skill level 3 in Throwing
  1778 | D:2      | You pick up a book of Displacement and begin reading...
  1778 | D:2      | You add the spells Lesser Beckoning, Gell's Gravitas and
                  | Teleport Other to your library.
  2203 | D:3      | Reached XP level 5. HP: 47/50 MP: 5/5
  2237 | D:3      | Found a faded altar of an unknown god.
  2562 | D:3      | Found a basalt altar of Yredelemnul.
  2563 | D:3      | Found a sparkling altar of Nemelex Xobeh.
  3199 | D:4      | Found Dam Tunu's Weapon Boutique.
  3269 | D:4      | Found an iron altar of Okawaru.
  3288 | D:4      | Became a worshipper of Warmaster Okawaru
  3389 | D:4      | Noticed hgbash's ghost (amateur GrFi)
  3398 | D:4      | Found a runed translucent gate.
  3398 | D:4      | Found a runed translucent gate.
  3400 | D:4      | Found a runed translucent gate.
  3457 | D:4      | HP: 12/50 [orc priest/+2 dagger of venom (3)]
  3457 | D:4      | HP: 3/50 [orc/+0 war axe (9)]
  3462 | D:4      | HP: 6/50 [poisoned by an orc priest]
  3466 | D:4      | Killed from afar by an orc priest

Vanquished Creatures
  A hound (D:3)
  An orc priest (D:4)
  5 adders
  3 worms
  4 dart slugs
  8 ball pythons
  10 endoplasms
  5 giant cockroaches
  6 goblins
  6 hobgoblins
  6 quokkas
  4 bats
  7 frilled lizards
  7 kobolds
  3 rats
76 creatures vanquished.

Table legend:
 A = Non-vault XP
 B = Vault XP
 C = Vault XP percentage of total XP
 D = Non-vault monster count
 E = Vault monster count
 F = Vault count percentage of total count
                 A         B        C        D         E       F
            +---------+---------+-------+---------+---------+-------
      Total |     164 |     119 |  42.0 |      58 |      18 |  23.7
            +---------+---------+-------+---------+---------+-------
        D:1 |      31 |       6 |  16.2 |      18 |       2 |  10.0
        D:2 |      44 |      23 |  34.3 |      16 |       7 |  30.4
        D:3 |      29 |      90 |  75.6 |      16 |       9 |  36.0
        D:4 |      60 |       0 |   0.0 |       8 |       0 |   0.0
            +---------+---------+-------+---------+---------+-------

Skill      XL: |  1  2  3  4 |
---------------+-------------+-----
Maces & Flails | 3 4 |  4.8
Throwing       | 3 |  3.6
Fighting       | |  2.6
Dodging        | |  2.6
Invocations    | |  0.7

Action                     |  1- 3 |  4- 6 || total
---------------------------+-------+-------++-------
  Melee: Flail             |   103 |    85 ||   188
         Punch             |       |     1 ||     1
  Evoke: Wand              |     3 |       ||     3
    Use: Scroll            |     2 |     6 ||     8
         Potion            |       |     5 ||     5
   Stab: Sleeping          |     1 |     2 ||     3
 Armour: Robe              |    32 |    27 ||    59
  Dodge: Dodged            |    65 |    45 ||   110

Illustrated notes

Table legend:
 A = Kills in this place as a percentage of kills in the entire game.
 B = Kills by you in this place as a percentage of kills by you in the entire game.
 C = Kills by friends in this place as a percentage of kills by friends in the entire game.
 D = Other kills in this place as a percentage of other kills in the entire game.
 E = Experience gained in this place as a percentage of experience gained in the entire game.
 F = Experience gained in this place divided by the number of levels of this place that you have seen.
                   A       B       C       D       E      F
               +-------+-------+-------+-------+-------+----------------------
         Total | 100.0 | 100.0 |   N/A |   N/A | 100.0 |  70.8
       Dungeon | 100.0 | 100.0 |   N/A |   N/A | 100.0 |  70.8
               +-------+-------+-------+-------+-------+----------------------

Table legend: (Time is in decaauts)
 A = Elapsed time spent in this place.
 B = Non-inter-level travel time spent in this place.
 C = Inter-level travel time spent in this place.
 D = Time resting spent in this place.
 E = Time spent auto-exploring this place.
 F = Levels seen in this place.
 G = Mean time per level.
                   A        B        C        D        E       F      G
               +--------+--------+--------+--------+--------+-----+--------+
         Total |   3503 |   3376 |    127 |    117 |   2688 |   4 |  875.8 |
       Dungeon |   3503 |   3376 |    127 |    117 |   2688 |   4 |  875.8 |
               +--------+--------+--------+--------+--------+-----+--------+

Top non-repeatable levels by time:
     D:2: 1192 daAuts
     D:3: 1186 daAuts
     D:1: 753 daAuts
     D:4: 370 daAuts
